 Dungeon Crawl Stone Soup version 0.29-a0-378-gc08b2e8bf8 (webtiles) character file.

Game seed: 356647439694462186

2785 Antichthon the Cleaver (level 9, -5/80 HPs)
             Began as a Deep Dwarf Fighter on May 4, 2022.
             Killed from afar by an acid dragon (28 damage)
             ... with a splash of acid
             ... on level 7 of the Dungeon.
             The game lasted 00:11:43 (6131 turns).

Antichthon the Cleaver (Deep Dwarf Fighter)         Turns: 6131, Time: 00:11:43

Health: -5/80      AC: 12    Str: 20    XL:     9   Next: 43%
Magic:  8/8        EV:  7    Int: 13    God:
Gold:   535        SH:  9    Dex: 12    Spells: 13/13 levels left

rFire   . . .      SeeInvis .   a - +1 war axe
rCold   . . .      Faith    .   i - +0 kite shield
rNeg    . . .      Spirit   .   q - +0 chain mail
rPois   .          Reflect  .   o - +0 helmet
rElec   .          Harm     .   (no cloak)
rCorr   .          Rampage  .   t - +0 pair of gloves
Will    +....                   h - +2 pair of boots
Stlth   ..........              (no amulet)
HPRegen 0.00/turn               (no ring)
MPRegen 0.11/turn               (no ring)

@: corroded
A: damage resistance, heal wounds, sense surroundings 2, no regeneration
a: Heal Wounds


You were on level 7 of the Dungeon.
You visited 2 branches of the dungeon, and saw 9 of its levels.

You collected 535 gold pieces.

Inventory:

Hand Weapons
 a - a +1 war axe (weapon)
Armour
 h - a +2 pair of boots (worn)
 i - a +0 kite shield (worn)
 o - a +0 helmet (worn)
 q - a +0 chain mail (worn)
 t - a +0 pair of gloves (worn)
Wands
 b - a wand of flame (11)
 m - a wand of digging (5)
 s - a wand of iceblast (16)
 y - a wand of charming (13)
 z - a wand of paralysis (8)
Scrolls
 f - 6 scrolls of fear
 k - 3 scrolls of teleportation
 n - 2 scrolls of blinking
 p - a scroll of poison
 x - a scroll of fog
Potions
 c - 2 potions of mutation {unknown}
 d - a potion of might
 e - 7 potions of heal wounds
 g - 4 potions of curing {unknown}
 j - a potion of berserk rage {unknown}
 l - a potion of attraction {unknown}
 r - a potion of magic {unknown}
 u - 2 potions of flight {unknown}
 v - a potion of invisibility {unknown}
 w - a potion of haste {unknown}


   Skills:
 * Level 4.8 Fighting
 * Level 8.3 Axes
 * Level 6.1 Armour
 * Level 3.6 Dodging
 * Level 5.6 Shields
 * Level 2.8 Spellcasting
 * Level 3.8 Necromancy
 * Level 4.8 Invocations


You had 13 spell levels left.
You didn't know any spells.
Your spell library contained the following spells:

 Spells                   Type           Power      Damage    Failure   Level
 Animate Skeleton         Necr           22%        N/A       77%         1
 Pain                     Necr           44%        1d6       77%         1
 Apportation              Tloc           2%         N/A       99%         1
 Foxfire                  Conj/Fire      4%         2x1d4     99%         1
 Magic Dart               Conj           4%         1d3       99%         1
 Shock                    Conj/Air       4%         1d3       99%         1
 Summon Small Mammal      Summ           4%         N/A       99%         1
 Call Imp                 Summ           1%         N/A       100%        2
 Conjure Flame            Conj/Fire      1%         6-21      100%        3
 Inner Flame              Hex/Fire       1%         N/A       100%        3
 Mephitic Cloud           Conj/Pois/Air  1%         N/A       100%        3
 Portal Projectile        Hex/Tloc       2%         N/A       100%        3
 Swiftness                Air            1%         N/A       100%        3
 Airstrike                Air            0%         N/A       100%        4
 Flame Wave               Conj/Fire      1%         2d4       100%        4
 Agony                    Necr           11%        N/A       100%        5
 Blade Hands              Tmut           0%         N/A       100%        5
 Excruciating Wounds      Necr           5%         N/A       100%        5


Dungeon Overview and Level Annotations

Branches:
Dungeon (8/15)             Temple (1/1) D:5
   Lair: D:8-11

Altars:
Dithmenos
Fedhas
Gozag
Hepliaklqana
Kikubaaqudgha
Nemelex Xobeh
Okawaru
Qazlal
Ru
Sif Muna
Trog
Uskayaw
Vehumet
Xom
Yredelemnul
Zin
The Shining One

Annotations:
D:5 1 runed translucent door, Crazy Yiuf


Innate Abilities, Weirdness & Mutations

You are resistant to damage.
You can heal yourself by infusing magical energy.
You passively map the area around you.
You do not regenerate.


Message History

You see here a sky beast corpse.
Found 18 gold pieces.
You see here a bullfrog corpse.
You see here a staff of poison.
You now have 535 gold pieces (gained 18).
You open the door.
An orc comes into view. It is wielding a +0 dagger.
The orc shouts!
An orc is nearby!
There is an open door here.
You closely miss the orc. You block the orc's attack.
You closely miss the orc. You block the orc's attack. x2
You slash the orc!
You kill the orc!
Things that are here:
a +0 dagger; an orc corpse You open the door.
There is an open door here.
You open the door.
There is an open door here.
You see here 9 stones.
The acid dragon roars!
The acid dragon spits acid at you. You block the splash of acid.
You see here a +0 leather armour.
There is an open door here.
You barely miss the acid dragon. You block the acid dragon's attack.
The acid dragon barely misses you.
You slash the acid dragon!
The acid dragon is moderately wounded.
You block the acid dragon's attack. The acid dragon barely misses you.
You barely miss the acid dragon.
The acid dragon is moderately wounded.
The acid dragon spits acid at you. The splash of acid hits you!!
* * * LOW HITPOINT WARNING * * *
The acid corrodes you! The acid dragon spits acid at you.
The splash of acid hits you!!
You die...

# #
#.#.######..,#...##.###.### **
,#.##..!##...,#..##..# #)# *
,..###'####...#.##..####'### *
#9Y...# #..###..###.....# , *
, #..hF#..# #.....###.......
,,*#..#DT##..####'####..#.#.#.
#..##..###..##(([##..####### ,
,#!# #F#[....#[..).#..#.....#
,, .'.
.#*#..D@'[).).'†#....... , .#
. #)###.#)[..)#†.#.....# , *
##* #..##...##..####### , ,
#..####'####..#.#.#. ,, *
...###.....###..|.... ,, *
...###.#####.###..)..# ** ** ,
*#'## #.#.....#.####'### * *
.# ,#.#..###..#.#....(# , ,*
,#.#.#...#.#.#.#(#.#


You could see an acid dragon (catching breath).

Vanquished Creatures
  Pikel (D:5)
  Grinder (D:5)
  Prince Ribbit (D:6)
  A slime creature (D:7)
  A shadow (D:7)
  Menkaure (D:6)
  A sky beast (D:7)
  A black bear (D:5)
  An ice beast (D:5)
  A centaur (D:7)
  A phantom (D:5)
  A lemure (D:4)
  2 bullfrogs (D:7)
  A kobold brigand (D:7)
  2 scorpions
  A wight (D:7)
  2 howler monkeys
  2 jellies
  8 hounds
  2 orc priests
  An iguana (D:4)
  Terence (D:3)
  4 orc wizards
  5 adders
  7 gnolls (D:7)
  A worm (D:5)
  3 dart slugs
  31 orcs
  5 ball pythons
  6 endoplasms
  4 giant cockroaches
  2 goblins
  5 hobgoblins
  7 jackals
  3 quokkas
  7 bats
  5 frilled lizards
  10 kobolds
  3 rats
142 creatures vanquished.

Vanquished Creatures (others)
  A bush (D:5)
  11 plants (D:5)
12 creatures vanquished.

Grand Total: 154 creatures vanquished

Notes
Turn   | Place    | Note
-------+----------+-------------------------------------------
     0 | D:1      | Antichthon the Deep Dwarf Fighter began the quest for the
                  | Orb.
     0 | D:1      | Reached XP level 1. HP: 20/20 MP: 1/1
   100 | D:1      | Reached XP level 2. HP: 24/27 MP: 2/2
   413 | D:1      | Found a faded altar of an unknown god.
   665 | D:1      | Reached XP level 3. HP: 25/34 MP: 3/3
  1093 | D:1      | Reached skill level 1 in Invocations
  1110 | D:2      | Reached skill level 1 in Necromancy
  1110 | D:2      | Reached XP level 4. HP: 23/42 MP: 3/3
  1111 | D:2      | Reached skill level 3 in Axes
  1777 | D:3      | Reached XP level 5. HP: 47/49 MP: 4/4
  1795 | D:3      | Noticed Terence
  1811 | D:3      | Killed Terence
  1984 | D:3      | Reached skill level 1 in Dodging
  2436 | D:4      | Found a radiant altar of Vehumet.
  2436 | D:4      | Found a glowing silver altar of Zin.
  2635 | D:4      | Reached skill level 4 in Axes
  2635 | D:4      | Reached skill level 1 in Spellcasting
  2635 | D:4      | Reached XP level 6. HP: 31/56 MP: 5/5
  2940 | D:4      | Identified the +10 rapier of Exquisite Torment {freeze,
                  | rF++ Will+}
  3571 | D:5      | Entered Level 5 of the Dungeon
  3615 | D:5      | Noticed Pikel
  3616 | D:5      | Found a sparkling altar of Nemelex Xobeh.
  3645 | D:5      | Killed Pikel
  3646 | D:5      | Reached skill level 5 in Axes
  3646 | D:5      | Reached skill level 5 in Armour
  3646 | D:5      | Reached XP level 7. HP: 25/63 MP: 2/4
  3661 | D:5      | Reached XP level 8. HP: 29/72 MP: 3/5
  3805 | D:5      | Noticed Grinder
  3822 | D:5      | Killed Grinder
  3823 | D:5      | Reached skill level 6 in Axes
  3876 | D:5      | Found a runed translucent door.
  3876 | D:5      | Noticed Crazy Yiuf
  4098 | D:5      | Found a staircase to the Ecumenical Temple.
  4113 | Temple   | Entered the Ecumenical Temple
  4426 | D:5      | Reached skill level 5 in Shields
  4610 | D:5      | Found a blossoming altar of Fedhas.
  5004 | D:6      | Found an opulent altar of Gozag.
  5119 | D:6      | You fall into a shaft and drop 2 floors!
  5192 | D:7      | Reached skill level 7 in Axes
  5273 | D:6      | Noticed Menkaure
  5274 | D:6      | Noticed Prince Ribbit
  5283 | D:6      | Killed Menkaure
  5299 | D:6      | Killed Prince Ribbit
  5815 | D:7      | Noticed a slime creature
  5829 | D:7      | Killed a slime creature
  5830 | D:7      | Gained mutation: You passively map the area around you.
                  | [Deep Dwarf growth]
  5830 | D:7      | Reached XP level 9. HP: 30/79 MP: 7/7
  5843 | D:7      | Noticed a five-headed hydra
  5870 | D:7      | Noticed a troll
  5870 | D:7      | Noticed a gargoyle
  5945 | D:7      | Reached skill level 8 in Axes
  6131 | D:7      | Killed from afar by an acid dragon

Illustrated notes

Levels and vault maps discovered:
D:1:      amcnicky_arrival_double_pillar, layout_basic,
          shapermc_ecumenical_altar_mp_highgroup
D:2:      layout_loops_ring
D:3:      layout_loops_ring, uniq_terence
D:4:      layout_basic, mainiacjoe_overflow_divided_tiny
D:5:      layout_loops_ring, fedhas_altar_decomposition,
          nemelex_diamond_rough_becter, minmay_temple_entry_steel_oval,
          uniq_crazy_yiuf_cottage, uniq_pikel, uniq_grinder
D:6:      layout_loops_ring, nicolae_gozag_cash_rules_everything_around_me,
          uniq_prince_ribbit1, uniq_menkaure
D:7:      minmay_the_grid_octo_tiled_squarecenter
          [minmay_the_grid_octo_pinwheel, minmay_the_grid_octo_77,
          minmay_the_grid_octo_chip, minmay_the_grid_octo_concentric,
          minmay_the_grid_square_5x5_megaprize_hollow,
          minmay_the_grid_square_5x5_plus, minmay_the_grid_square_5x5_six_small,
          minmay_the_grid_square_5x5_intrusive_squares,
          minmay_the_grid_square_5x5_inner_v], layout_loops_ring,
          mainiacjoe_overflow_alcove_3, minmay_misc_feat_rows,
          minmay_a_box_with_orc_wizards_in_it
D:8:      layout_cave_pods
Temple:   minmay_temple_bridge_abc

Skill      XL: |  1  2  3  4  5  6  7  8  9 |
---------------+----------------------------+-----
Fighting       | 3 4 |  4.8
Invocations    | 1 3 4 |  4.8
Necromancy     | 1 2 3 |  3.8
Axes           | 3 4 5 7 8 |  8.3
Armour         | 4 5 6 |  6.1
Dodging        | 1 2 3 |  3.6
Spellcasting   | 1 2 |  2.8
Shields        | 4 5 |  5.6

Action                   |  1- 3 |  4- 6 |  7- 9 || total
-------------------------+-------+-------+-------++-------
Melee: War axe           |    94 |   212 |   234 ||   540
 Abil: Heal Wounds       |     1 |     6 |     7 ||    14
  Use: Scroll            |     2 |     5 |     5 ||    12
       Potion            |       |       |     1 ||     1
Armor: Scale mail        |    88 |    93 |       ||   181
       Chain mail        |       |    19 |   145 ||   164
Dodge: Dodged            |    52 |    78 |    82 ||   212
Block: Buckler           |    27 |     5 |       ||    32
       Kite shield       |       |   104 |   146 ||   250

Table legend: (Time is in decaauts)
 A = Elapsed time spent in this place.
 B = Non-inter-level travel time spent in this place.
 C = Inter-level travel time spent in this place.
 D = Time resting spent in this place.
 E = Time spent auto-exploring this place.
 F = Levels seen in this place.
 G = Mean time per level.
                   A        B        C        D        E       F      G
               +--------+--------+--------+--------+--------+-----+--------+
         Total |   6342 |   6068 |    274 |    173 |   4241 |   9 |  704.7 |
       Dungeon |   6147 |   5896 |    251 |    173 |   4074 |   8 |  768.4 |
        Temple |    194 |    171 |     23 |      0 |    167 |   1 |  194.0 |
               +--------+--------+--------+--------+--------+-----+--------+

Top non-repeatable levels by time:
     D:4: 1295 daAuts
     D:5: 1198 daAuts
     D:1: 1034 daAuts
     D:6: 746 daAuts
     D:2: 733 daAuts
     D:3: 651 daAuts
     D:7: 440 daAuts
  Temple: 194 daAuts
     D:8: 47 daAuts
